[ AOE2 MATCH · #508776022 ]
UnrankedTeutons vs Persians
[ REPLAY ANALYSIS · EXTRACTED FROM THE RECORDED GAME ]
Feudal
10:55
Castle
16:34
Imperial
32:06
| APM avg | 47.9 |
| APM peak | 103 |
| eAPM avg | 27.3 |
| Villagers / military | 395 / 130 |
Focus
⚔️ 27.2% · 🌾 72.8%
Knight ×49 · Teutonic Knight ×43 · Hand Cannoneer ×20 · Monk ×11 · Trade Cart ×5 · Trebuchet (Packed) ×4
Feudal
11:00
Castle
14:31
Imperial
28:27
| APM avg | 87.8 |
| APM peak | 179 |
| eAPM avg | 53.8 |
| Villagers / military | 207 / 266 |
Focus
⚔️ 58.5% · 🌾 41.5%
Janissary ×157 · Trade Cart ×90 · Scout Cavalry ×59 · Bombard Cannon ×41 · Monk ×7 · Mangonel ×2
Feudal
10:37
Castle
14:32
Imperial
31:38
| APM avg | 38.8 |
| APM peak | 101 |
| eAPM avg | 17.3 |
| Villagers / military | 156 / 387 |
Focus
⚔️ 37.7% · 🌾 62.3%
Knight ×287 · Archer ×98 · Monk ×2
Feudal
10:55
Castle
14:50
Imperial
55:28
| APM avg | 40.4 |
| APM peak | 84 |
| eAPM avg | 27.3 |
| Villagers / military | 189 / 26 |
Focus
⚔️ 19.9% · 🌾 80.1%
Trade Cart ×25 · Mangonel ×12 · Spearman ×10 · Monk ×3 · Battering Ram ×1
Feudal
9:15
Castle
21:15
Imperial
39:11
| APM avg | 37.5 |
| APM peak | 79 |
| eAPM avg | 26.0 |
| Villagers / military | 140 / 311 |
Focus
⚔️ 34.2% · 🌾 65.8%
Scout Cavalry ×147 · Archer ×138 · Skirmisher ×10 · Iron Pagoda ×5 · Hand Cannoneer ×5 · Trebuchet (Packed) ×5
Feudal
11:44
Castle
16:49
Imperial
34:23
| APM avg | 20.8 |
| APM peak | 39 |
| eAPM avg | 13.1 |
| Villagers / military | 126 / 586 |
Focus
⚔️ 42.1% · 🌾 57.9%
Spearman ×334 · Huskarl ×130 · Militia ×115 · Trebuchet (Packed) ×7
Feudal
10:40
Castle
14:29
Imperial
37:02
| APM avg | 21.9 |
| APM peak | 45 |
| eAPM avg | 17.5 |
| Villagers / military | 165 / 276 |
Focus
⚔️ 41.5% · 🌾 58.5%
Shotel Warrior ×77 · Archer ×75 · Militia ×51 · Spearman ×40 · Trade Cart ×23 · Mangonel ×13
Feudal
10:23
Castle
14:51
Imperial
37:56
| APM avg | 20.6 |
| APM peak | 53 |
| eAPM avg | 15.3 |
| Villagers / military | 155 / 225 |
Focus
⚔️ 30.3% · 🌾 69.7%
Scout Cavalry ×108 · Scorpion ×103 · Battering Ram ×10 · Trebuchet (Packed) ×4
Match map
Initial resources + every placement click. Lines = walls · curves = elevation contours. ◆ gold · ⬟ stone · ● berries · ✦ relic · ◌ wall gap
Your base· ✓ Closed at 16:34 · 0t walls · 2 gate(s)
VIT | Hera's base· ✓ Closed at 14:31 · 0t walls · 3 gate(s)
Cristian Monzon's base· ✓ Closed at 14:32 · 0t walls · 2 gate(s)
MrGodly0708's base· ✓ Closed at 14:50 · 5t walls · 3 gate(s)
PSX | King's base· ✓ Closed at 21:15 · 3t walls · 5 gate(s)
Alejandrito's base· ✓ Closed at 16:49 · 0t walls · 3 gate(s)
GreenBeret's base· ✓ Closed at 14:29 · 0t walls · 2 gate(s)
CTM | Franco*'s base· ✓ Closed at 14:51 · 4t walls · 3 gate(s)
Smoothed initial terrain · ◌ = detected wall gap · hover for details
Inputs per minute
— [Heals] Teutonic Fortress - - VIT | Hera
Build order — [Heals] Teutonic Fortress
First 150 of 549 actions detected
| 0:01 | Queue | Villager (Male) |
| 0:01 | Queue | Villager (Male) |
| 0:01 | Queue | Villager (Male) |
| 0:01 | Queue | Villager (Male) |
| 0:01 | Queue | Villager (Male) |
| 0:01 | Queue | Villager (Male) |
| 0:01 | Queue | Villager (Male) |
| 0:02 | Queue | Villager (Male) |
| 0:03 | Build | House |
| 0:04 | Build | House |
| 1:26 | Queue | Villager (Male) |
| 1:26 | Queue | Villager (Male) |
| 1:26 | Queue | Villager (Male) |
| 1:26 | Queue | Villager (Male) |
| 1:49 | Build | Mill |
| 1:59 | Queue | Villager (Male) |
| 1:59 | Queue | Villager (Male) |
| 1:59 | Queue | Villager (Male) |
| 1:59 | Queue | Villager (Male) |
| 1:59 | Queue | Villager (Male) |
| 1:59 | Queue | Villager (Male) |
| 1:59 | Queue | Villager (Male) |
| 1:59 | Queue | Villager (Male) |
| 2:22 | Queue | Villager (Male) |
| 2:22 | Queue | Villager (Male) |
| 2:22 | Queue | Villager (Male) |
| 2:22 | Queue | Villager (Male) |
| 2:22 | Queue | Villager (Male) |
| 2:22 | Queue | Villager (Male) |
| 2:22 | Queue | Villager (Male) |
| 2:55 | Queue | Villager (Male) |
| 2:55 | Queue | Villager (Male) |
| 2:55 | Queue | Villager (Male) |
| 2:55 | Queue | Villager (Male) |
| 3:01 | Queue | Villager (Male) |
| 3:01 | Queue | Villager (Male) |
| 3:01 | Queue | Villager (Male) |
| 3:01 | Queue | Villager (Male) |
| 3:01 | Queue | Villager (Male) |
| 3:01 | Queue | Villager (Male) |
| 3:02 | Queue | Villager (Male) |
| 3:02 | Queue | Villager (Male) |
| 3:02 | Queue | Villager (Male) |
| 3:31 | Queue | Villager (Male) |
| 3:31 | Queue | Villager (Male) |
| 3:31 | Queue | Villager (Male) |
| 3:31 | Queue | Villager (Male) |
| 3:31 | Queue | Villager (Male) |
| 3:31 | Queue | Villager (Male) |
| 3:32 | Queue | Villager (Male) |
| 3:54 | Queue | Villager (Male) |
| 3:54 | Queue | Villager (Male) |
| 4:04 | Build | House |
| 4:05 | Build | House |
| 4:35 | Queue | Villager (Male) |
| 4:35 | Queue | Villager (Male) |
| 4:35 | Queue | Villager (Male) |
| 4:35 | Queue | Villager (Male) |
| 5:06 | Queue | Villager (Male) |
| 5:06 | Queue | Villager (Male) |
| 5:06 | Queue | Villager (Male) |
| 5:07 | Queue | Villager (Male) |
| 5:07 | Queue | Villager (Male) |
| 5:07 | Queue | Villager (Male) |
| 5:20 | Queue | Villager (Male) |
| 5:21 | Queue | Villager (Male) |
| 5:21 | Queue | Villager (Male) |
| 5:21 | Queue | Villager (Male) |
| 5:33 | Queue | Villager (Male) |
| 5:33 | Queue | Villager (Male) |
| 5:33 | Queue | Villager (Male) |
| 5:34 | Queue | Villager (Male) |
| 5:34 | Queue | Villager (Male) |
| 5:34 | Queue | Villager (Male) |
| 6:06 | Queue | Villager (Male) |
| 6:06 | Queue | Villager (Male) |
| 6:07 | Queue | Villager (Male) |
| 7:20 | Queue | Villager (Male) |
| 7:35 | Build | Lumber Camp |
| 8:14 | Queue | Villager (Male) |
| 8:25 | Research | Feudal Age |
| 8:25 | Research | Feudal Age |
| 10:25 | Queue | Villager (Male) |
| 10:26 | Queue | Villager (Male) |
| 10:31 | Build | House |
| 10:35 | Build | House |
| 10:39 | Build | House |
| 10:53 | Queue | Villager (Male) |
| 10:55 | Age | Feudal Age |
| 10:59 | Research | Loom |
| 11:00 | Queue | Villager (Male) |
| 11:29 | Queue | Villager (Male) |
| 11:29 | Queue | Villager (Male) |
| 11:32 | Research | Double-Bit Axe |
| 11:39 | Build | Market |
| 11:43 | Build | Blacksmith |
| 11:45 | Queue | Villager (Male) |
| 12:02 | Build | Mining Camp |
| 12:21 | Queue | Villager (Male) |
| 12:29 | Build | Farm |
| 12:32 | Build | Farm |
| 12:33 | Build | Farm |
| 12:34 | Build | Farm |
| 12:37 | Build | Farm |
| 12:38 | Build | Farm |
| 12:39 | Build | Farm |
| 12:41 | Build | Farm |
| 12:42 | Queue | Villager (Male) |
| 12:48 | Queue | Villager (Male) |
| 13:47 | Research | Castle Age |
| 13:47 | Research | Castle Age |
| 13:52 | Build | Mining Camp |
| 14:21 | Research | Stone Mining |
| 14:30 | Queue | Villager (Male) |
| 15:25 | Queue | Villager (Male) |
| 15:39 | Queue | Villager (Male) |
| 15:47 | Build | House |
| 15:47 | Build | House |
| 15:48 | Build | House |
| 15:48 | Build | House |
| 15:49 | Build | House |
| 15:49 | Build | House |
| 15:50 | Build | House |
| 15:50 | Build | House |
| 15:51 | Build | House |
| 15:51 | Build | House |
| 15:53 | Build | House |
| 16:34 | Age | Castle Age |
| 16:44 | Queue | Villager (Male) |
| 16:55 | Build | Town Center |
| 17:03 | Build | Town Center |
| 17:08 | Queue | Villager (Male) |
| 17:22 | Research | Bow Saw |
| 17:29 | Queue | Villager (Male) |
| 17:59 | Build | Town Center |
| 18:12 | Research | Horse Collar |
| 18:14 | Queue | Villager (Male) |
| 18:36 | Queue | Villager (Male) |
| 18:36 | Queue | Villager (Male) |
| 18:36 | Queue | Villager (Male) |
| 18:36 | Queue | Villager (Male) |
| 18:36 | Queue | Villager (Male) |
| 18:38 | Queue | Villager (Male) |
| 18:39 | Queue | Villager (Male) |
| 18:39 | Queue | Villager (Male) |
| 18:39 | Queue | Villager (Male) |
| 18:39 | Queue | Villager (Male) |
| 18:39 | Queue | Villager (Male) |
| 18:41 | Build | Farm |
| 18:42 | Build | Farm |
Build order — VIT | Hera
First 150 of 630 actions detected
| 0:00 | Queue | Villager (Male) |
| 0:01 | Queue | Villager (Male) |
| 0:01 | Queue | Villager (Male) |
| 0:02 | Build | House |
| 0:03 | Build | House |
| 0:09 | Queue | Villager (Male) |
| 0:09 | Queue | Villager (Male) |
| 1:30 | Queue | Villager (Male) |
| 1:31 | Queue | Villager (Male) |
| 1:56 | Queue | Villager (Male) |
| 1:58 | Build | Lumber Camp |
| 2:14 | Queue | Villager (Male) |
| 2:14 | Queue | Villager (Male) |
| 2:45 | Build | House |
| 2:46 | Build | House |
| 2:48 | Build | House |
| 2:52 | Queue | Villager (Male) |
| 2:52 | Queue | Villager (Male) |
| 3:13 | Queue | Villager (Male) |
| 3:37 | Queue | Villager (Male) |
| 3:37 | Queue | Villager (Male) |
| 3:55 | Queue | Villager (Male) |
| 3:56 | Queue | Villager (Male) |
| 4:02 | Build | House |
| 4:26 | Queue | Villager (Male) |
| 4:46 | Queue | Villager (Male) |
| 4:46 | Queue | Villager (Male) |
| 5:27 | Queue | Villager (Male) |
| 5:27 | Queue | Villager (Male) |
| 5:28 | Queue | Villager (Male) |
| 5:43 | Build | Mill |
| 5:53 | Queue | Villager (Male) |
| 6:18 | Queue | Villager (Male) |
| 6:18 | Queue | Villager (Male) |
| 7:29 | Queue | Villager (Male) |
| 7:29 | Queue | Villager (Male) |
| 7:29 | Queue | Villager (Male) |
| 7:30 | Queue | Villager (Male) |
| 7:30 | Queue | Villager (Male) |
| 7:30 | Queue | Villager (Male) |
| 7:45 | Queue | Villager (Male) |
| 7:45 | Queue | Villager (Male) |
| 7:46 | Queue | Villager (Male) |
| 8:06 | Build | Farm |
| 8:08 | Build | Farm |
| 8:13 | Build | Farm |
| 8:21 | Queue | Villager (Male) |
| 8:28 | Build | Mining Camp |
| 8:50 | Research | Feudal Age |
| 8:50 | Research | Feudal Age |
| 8:55 | Build | House |
| 10:41 | Build | Farm |
| 10:45 | Queue | Villager (Male) |
| 10:58 | Queue | Villager (Male) |
| 11:00 | Age | Feudal Age |
| 11:01 | Build | Market |
| 11:03 | Build | Blacksmith |
| 11:15 | Queue | Villager (Male) |
| 11:23 | Queue | Villager (Male) |
| 11:30 | Build | Farm |
| 11:30 | Build | Farm |
| 11:51 | Research | Castle Age |
| 11:51 | Research | Castle Age |
| 12:08 | Research | Double-Bit Axe |
| 12:08 | Research | Double-Bit Axe |
| 12:13 | Research | Horse Collar |
| 12:13 | Research | Horse Collar |
| 12:16 | Build | Farm |
| 14:08 | Queue | Villager (Male) |
| 14:31 | Age | Castle Age |
| 14:32 | Build | Town Center |
| 14:33 | Queue | Villager (Male) |
| 14:34 | Build | Monastery |
| 14:42 | Build | Town Center |
| 14:52 | Research | Bow Saw |
| 14:52 | Research | Bow Saw |
| 14:55 | Research | Heavy Plow |
| 14:55 | Research | Heavy Plow |
| 15:03 | Build | Farm |
| 15:18 | Queue | Monk |
| 15:20 | Queue | Villager (Male) |
| 15:28 | Build | Farm |
| 15:33 | Queue | Villager (Male) |
| 15:42 | Build | Farm |
| 15:59 | Queue | Villager (Male) |
| 16:02 | Queue | Villager (Male) |
| 16:03 | Queue | Villager (Male) |
| 16:06 | Queue | Villager (Male) |
| 16:06 | Queue | Villager (Male) |
| 16:06 | Queue | Villager (Male) |
| 16:11 | Build | Farm |
| 16:12 | Build | Farm |
| 16:18 | Queue | Villager (Male) |
| 16:20 | Build | Farm |
| 16:29 | Queue | Villager (Male) |
| 16:38 | Queue | Monk |
| 16:38 | Queue | Monk |
| 16:43 | Build | Farm |
| 16:44 | Build | Farm |
| 16:45 | Queue | Villager (Male) |
| 16:46 | Queue | Villager (Male) |
| 16:47 | Build | Farm |
| 16:52 | Queue | Villager (Male) |
| 16:57 | Build | Farm |
| 17:09 | Queue | Villager (Male) |
| 17:13 | Build | Farm |
| 17:13 | Build | Farm |
| 17:19 | Build | Farm |
| 17:24 | Queue | Villager (Male) |
| 17:45 | Queue | Villager (Male) |
| 17:47 | Queue | Villager (Male) |
| 17:47 | Queue | Villager (Male) |
| 17:48 | Build | Farm |
| 17:50 | Build | House |
| 17:51 | Build | Farm |
| 17:53 | Build | Farm |
| 17:58 | Queue | Villager (Male) |
| 18:00 | Build | Farm |
| 18:01 | Queue | Villager (Male) |
| 18:02 | Queue | Villager (Male) |
| 18:04 | Queue | Villager (Male) |
| 18:06 | Build | Farm |
| 18:11 | Queue | Monk |
| 18:19 | Build | House |
| 18:19 | Build | House |
| 18:20 | Build | House |
| 18:23 | Build | Farm |
| 18:27 | Queue | Villager (Male) |
| 18:29 | Build | Farm |
| 18:31 | Queue | Villager (Male) |
| 18:31 | Queue | Villager (Male) |
| 18:32 | Build | Farm |
| 18:46 | Build | House |
| 18:46 | Build | Palisade Wall |
| 18:55 | Queue | Villager (Male) |
| 18:55 | Queue | Villager (Male) |
| 18:55 | Queue | Villager (Male) |
| 18:55 | Queue | Villager (Male) |
| 19:08 | Queue | Villager (Male) |
| 19:14 | Queue | Villager (Male) |
| 19:26 | Build | Farm |
| 19:27 | Build | Farm |
| 19:28 | Build | Farm |
| 19:39 | Queue | Villager (Male) |
| 19:54 | Queue | Villager (Male) |
| 20:01 | Queue | Villager (Male) |
| 20:08 | Research | Loom |
| 20:11 | Queue | Villager (Male) |
| 20:12 | Queue | Villager (Male) |
| 20:16 | Queue | Villager (Male) |
Build order — Cristian Monzon
First 150 of 485 actions detected
| 0:01 | Queue | Villager (Male) |
| 0:01 | Queue | Villager (Male) |
| 0:02 | Queue | Villager (Male) |
| 0:03 | Build | House |
| 0:04 | Build | House |
| 0:24 | Queue | Villager (Male) |
| 0:25 | Queue | Villager (Male) |
| 0:25 | Queue | Villager (Male) |
| 1:26 | Queue | Villager (Male) |
| 1:26 | Queue | Villager (Male) |
| 2:11 | Queue | Villager (Male) |
| 2:11 | Queue | Villager (Male) |
| 2:15 | Build | Lumber Camp |
| 2:25 | Queue | Villager (Male) |
| 2:26 | Queue | Villager (Male) |
| 3:10 | Queue | Villager (Male) |
| 3:11 | Queue | Villager (Male) |
| 3:21 | Build | House |
| 3:22 | Build | House |
| 3:46 | Queue | Villager (Male) |
| 3:46 | Queue | Villager (Male) |
| 4:03 | Queue | Villager (Male) |
| 4:03 | Queue | Villager (Male) |
| 4:40 | Queue | Villager (Male) |
| 4:40 | Queue | Villager (Male) |
| 4:59 | Queue | Villager (Male) |
| 4:59 | Queue | Villager (Male) |
| 5:00 | Queue | Villager (Male) |
| 5:00 | Queue | Villager (Male) |
| 6:23 | Queue | Villager (Male) |
| 6:23 | Queue | Villager (Male) |
| 6:23 | Queue | Villager (Male) |
| 6:23 | Queue | Villager (Male) |
| 6:34 | Queue | Villager (Male) |
| 7:28 | Build | Mining Camp |
| 7:48 | Build | Mill |
| 8:33 | Build | Lumber Camp |
| 8:33 | Research | Feudal Age |
| 8:37 | Build | House |
| 9:38 | Queue | Villager (Male) |
| 9:38 | Queue | Villager (Male) |
| 10:37 | Age | Feudal Age |
| 10:45 | Build | Market |
| 10:50 | Build | Blacksmith |
| 11:10 | Research | Loom |
| 11:18 | Build | Farm |
| 11:19 | Build | Farm |
| 11:20 | Build | Farm |
| 11:47 | Build | Farm |
| 11:48 | Build | Farm |
| 11:49 | Build | Farm |
| 12:06 | Research | Castle Age |
| 12:19 | Build | Farm |
| 12:45 | Queue | Villager (Male) |
| 12:45 | Queue | Villager (Male) |
| 12:51 | Queue | Villager (Male) |
| 13:21 | Build | House |
| 14:32 | Age | Castle Age |
| 14:43 | Build | Town Center |
| 14:49 | Build | Town Center |
| 14:56 | Queue | Villager (Male) |
| 15:00 | Build | Farm |
| 15:09 | Research | Double-Bit Axe |
| 15:09 | Research | Horse Collar |
| 15:10 | Research | Horse Collar |
| 15:48 | Queue | Villager (Male) |
| 15:49 | Queue | Villager (Male) |
| 15:56 | Build | Monastery |
| 16:21 | Queue | Villager (Male) |
| 16:29 | Queue | Villager (Male) |
| 16:30 | Queue | Villager (Male) |
| 16:31 | Queue | Villager (Male) |
| 16:32 | Queue | Villager (Male) |
| 16:32 | Queue | Villager (Male) |
| 16:36 | Queue | Villager (Male) |
| 16:37 | Queue | Villager (Male) |
| 17:12 | Build | Farm |
| 17:15 | Build | Farm |
| 17:16 | Build | Farm |
| 17:17 | Build | Farm |
| 17:18 | Build | Farm |
| 17:21 | Build | Farm |
| 17:23 | Queue | Villager (Male) |
| 17:23 | Queue | Villager (Male) |
| 17:23 | Queue | Villager (Male) |
| 17:24 | Queue | Villager (Male) |
| 17:24 | Queue | Villager (Male) |
| 17:36 | Build | Farm |
| 17:37 | Build | Farm |
| 17:52 | Queue | Villager (Male) |
| 17:52 | Queue | Villager (Male) |
| 17:52 | Queue | Villager (Male) |
| 17:53 | Queue | Villager (Male) |
| 17:57 | Build | Farm |
| 18:00 | Build | Farm |
| 18:11 | Build | House |
| 18:12 | Build | House |
| 18:20 | Queue | Villager (Male) |
| 18:21 | Queue | Villager (Male) |
| 18:21 | Queue | Villager (Male) |
| 18:29 | Build | House |
| 18:30 | Build | House |
| 18:31 | Build | House |
| 18:32 | Build | House |
| 18:34 | Build | House |
| 18:44 | Build | House |
| 18:45 | Build | House |
| 18:49 | Queue | Villager (Male) |
| 18:52 | Research | Wheelbarrow |
| 19:03 | Build | Mining Camp |
| 19:07 | Queue | Monk |
| 19:09 | Queue | Monk |
| 19:22 | Research | Town Watch |
| 19:32 | Queue | Villager (Male) |
| 19:32 | Queue | Villager (Male) |
| 19:32 | Queue | Villager (Male) |
| 19:33 | Queue | Villager (Male) |
| 19:33 | Queue | Villager (Male) |
| 19:41 | Build | Farm |
| 19:45 | Build | Farm |
| 20:20 | Build | Farm |
| 20:21 | Queue | Villager (Male) |
| 20:22 | Queue | Villager (Male) |
| 20:22 | Queue | Villager (Male) |
| 20:22 | Queue | Villager (Male) |
| 20:22 | Queue | Villager (Male) |
| 20:24 | Queue | Villager (Male) |
| 20:25 | Queue | Villager (Male) |
| 20:47 | Build | House |
| 20:48 | Build | House |
| 20:49 | Build | House |
| 20:51 | Build | Barracks |
| 20:59 | Build | Farm |
| 21:02 | Build | Farm |
| 21:25 | Queue | Villager (Male) |
| 21:25 | Queue | Villager (Male) |
| 21:25 | Queue | Villager (Male) |
| 21:25 | Queue | Villager (Male) |
| 21:26 | Queue | Villager (Male) |
| 21:26 | Queue | Villager (Male) |
| 21:28 | Build | Farm |
| 21:29 | Build | Farm |
| 21:30 | Build | Farm |
| 21:34 | Build | Farm |
| 21:36 | Research | Bow Saw |
| 21:37 | Research | Heavy Plow |
| 21:37 | Research | Heavy Plow |
| 21:53 | Build | Farm |
| 21:57 | Research | Gold Mining |
| 21:58 | Queue | Villager (Male) |
Build order — MrGodly0708
First 150 of 409 actions detected
| 0:00 | Queue | Villager (Male) |
| 0:00 | Queue | Villager (Male) |
| 0:01 | Queue | Villager (Male) |
| 0:01 | Queue | Villager (Male) |
| 0:04 | Build | House |
| 0:06 | Build | House |
| 1:34 | Queue | Villager (Male) |
| 1:56 | Build | Lumber Camp |
| 2:02 | Queue | Villager (Male) |
| 2:02 | Queue | Villager (Male) |
| 2:31 | Queue | Villager (Male) |
| 2:31 | Queue | Villager (Male) |
| 2:43 | Queue | Villager (Male) |
| 2:54 | Queue | Villager (Male) |
| 3:39 | Queue | Villager (Male) |
| 3:39 | Queue | Villager (Male) |
| 3:54 | Build | House |
| 3:56 | Build | House |
| 4:24 | Queue | Villager (Male) |
| 4:25 | Queue | Villager (Male) |
| 4:46 | Queue | Villager (Male) |
| 5:37 | Queue | Villager (Male) |
| 5:37 | Queue | Villager (Male) |
| 6:00 | Queue | Villager (Male) |
| 6:46 | Queue | Villager (Male) |
| 6:47 | Queue | Villager (Male) |
| 6:47 | Queue | Villager (Male) |
| 6:52 | Build | Mill |
| 7:53 | Build | Farm |
| 7:54 | Build | Farm |
| 7:54 | Build | Farm |
| 8:01 | Queue | Villager (Male) |
| 8:20 | Research | Feudal Age |
| 8:28 | Build | Mining Camp |
| 8:51 | Build | House |
| 8:58 | Queue | Villager (Male) |
| 8:59 | Queue | Villager (Male) |
| 9:29 | Build | House |
| 9:30 | Build | House |
| 9:50 | Build | House |
| 9:51 | Build | House |
| 10:02 | Build | House |
| 10:05 | Build | Palisade Wall |
| 10:55 | Age | Feudal Age |
| 11:04 | Build | Market |
| 11:09 | Build | Palisade Wall |
| 11:26 | Build | Palisade Wall |
| 11:38 | Queue | Villager (Male) |
| 11:41 | Build | Blacksmith |
| 12:08 | Research | Castle Age |
| 12:08 | Research | Castle Age |
| 12:39 | Build | House |
| 12:46 | Build | Farm |
| 12:55 | Build | Mining Camp |
| 14:25 | Build | Outpost |
| 14:41 | Research | Loom |
| 14:50 | Age | Castle Age |
| 14:52 | Build | Siege Workshop |
| 14:55 | Build | House |
| 14:57 | Build | Palisade Wall |
| 14:59 | Build | Palisade Wall |
| 15:02 | Build | House |
| 15:14 | Queue | Villager (Male) |
| 15:30 | Build | Town Center |
| 15:37 | Queue | Mangonel |
| 15:42 | Queue | Villager (Male) |
| 15:56 | Build | Farm |
| 15:56 | Build | Farm |
| 15:57 | Build | Farm |
| 16:45 | Build | Lumber Camp |
| 16:54 | Queue | Villager (Male) |
| 16:54 | Queue | Villager (Male) |
| 17:48 | Queue | Villager (Male) |
| 17:49 | Queue | Villager (Male) |
| 18:09 | Queue | Battering Ram |
| 18:39 | Queue | Villager (Male) |
| 18:41 | Queue | Villager (Male) |
| 18:41 | Queue | Villager (Male) |
| 18:41 | Queue | Villager (Male) |
| 18:42 | Queue | Villager (Male) |
| 19:03 | Build | Farm |
| 19:03 | Build | Farm |
| 19:05 | Build | Farm |
| 19:15 | Queue | Villager (Male) |
| 19:15 | Queue | Villager (Male) |
| 19:33 | Queue | Mangonel |
| 20:47 | Queue | Mangonel |
| 21:04 | Queue | Mangonel |
| 21:28 | Queue | Villager (Male) |
| 21:36 | Build | Town Center |
| 21:59 | Queue | Villager (Male) |
| 22:03 | Queue | Mangonel |
| 22:16 | Build | Farm |
| 22:18 | Research | Horse Collar |
| 22:20 | Queue | Villager (Male) |
| 22:31 | Queue | Mangonel |
| 23:01 | Queue | Villager (Male) |
| 23:01 | Queue | Villager (Male) |
| 23:03 | Queue | Villager (Male) |
| 23:04 | Queue | Villager (Male) |
| 23:10 | Research | Double-Bit Axe |
| 23:48 | Queue | Villager (Male) |
| 23:48 | Queue | Villager (Male) |
| 24:19 | Queue | Villager (Male) |
| 24:20 | Queue | Villager (Male) |
| 24:24 | Build | Town Center |
| 24:33 | Queue | Mangonel |
| 24:45 | Build | House |
| 24:47 | Build | House |
| 25:27 | Queue | Mangonel |
| 25:27 | Queue | Mangonel |
| 25:43 | Queue | Villager (Male) |
| 26:08 | Queue | Mangonel |
| 26:15 | Build | Farm |
| 26:15 | Build | Farm |
| 26:15 | Build | Farm |
| 26:15 | Build | Farm |
| 26:15 | Build | Farm |
| 27:12 | Build | House |
| 27:13 | Build | House |
| 27:16 | Queue | Villager (Male) |
| 27:16 | Queue | Villager (Male) |
| 27:21 | Queue | Mangonel |
| 27:29 | Build | Mill |
| 27:31 | Build | Farm |
| 27:31 | Build | Farm |
| 27:31 | Build | Farm |
| 27:31 | Build | Farm |
| 27:31 | Build | Farm |
| 27:32 | Build | Farm |
| 27:34 | Queue | Villager (Male) |
| 27:34 | Queue | Villager (Male) |
| 27:55 | Build | Palisade Wall |
| 27:58 | Build | House |
| 28:01 | Build | House |
| 28:03 | Queue | Villager (Male) |
| 28:04 | Queue | Villager (Male) |
| 28:21 | Queue | Villager (Male) |
| 28:21 | Queue | Villager (Male) |
| 28:29 | Queue | Villager (Male) |
| 28:29 | Queue | Villager (Male) |
| 28:32 | Build | Farm |
| 28:32 | Build | Farm |
| 28:55 | Queue | Villager (Male) |
| 28:55 | Queue | Villager (Male) |
| 29:09 | Build | Siege Workshop |
| 29:25 | Build | Monastery |
| 29:28 | Queue | Villager (Male) |
| 29:28 | Queue | Villager (Male) |
| 29:39 | Queue | Villager (Male) |
Build order — PSX | King
First 150 of 493 actions detected
| 0:01 | Queue | Villager (Male) |
| 0:01 | Queue | Villager (Male) |
| 0:03 | Build | House |
| 0:05 | Build | House |
| 0:10 | Queue | Villager (Male) |
| 0:10 | Queue | Villager (Male) |
| 1:33 | Queue | Villager (Male) |
| 1:47 | Build | Lumber Camp |
| 1:52 | Queue | Villager (Male) |
| 2:18 | Queue | Villager (Male) |
| 2:19 | Queue | Villager (Male) |
| 2:41 | Queue | Villager (Male) |
| 2:41 | Queue | Villager (Male) |
| 3:04 | Build | House |
| 3:10 | Queue | Villager (Male) |
| 3:11 | Queue | Villager (Male) |
| 3:11 | Queue | Villager (Male) |
| 4:00 | Queue | Villager (Male) |
| 4:01 | Queue | Villager (Male) |
| 4:16 | Build | Mill |
| 4:23 | Queue | Villager (Male) |
| 4:23 | Queue | Villager (Male) |
| 5:38 | Queue | Villager (Male) |
| 5:39 | Queue | Villager (Male) |
| 6:07 | Research | Loom |
| 6:49 | Research | Feudal Age |
| 7:39 | Build | Mining Camp |
| 7:44 | Build | House |
| 7:54 | Queue | Villager (Male) |
| 9:11 | Build | House |
| 9:15 | Age | Feudal Age |
| 9:18 | Build | Watch Tower |
| 9:18 | Research | Double-Bit Axe |
| 9:21 | Build | Blacksmith |
| 9:23 | Build | House |
| 9:24 | Build | House |
| 9:27 | Queue | Villager (Male) |
| 9:43 | Queue | Villager (Male) |
| 9:50 | Queue | Villager (Male) |
| 10:04 | Research | Fletching |
| 10:04 | Research | Fletching |
| 10:49 | Queue | Villager (Male) |
| 10:57 | Queue | Villager (Male) |
| 11:03 | Build | Watch Tower |
| 11:10 | Queue | Villager (Male) |
| 11:14 | Build | Palisade Gate |
| 11:16 | Build | Stone Wall |
| 11:17 | Build | Stone Wall |
| 11:19 | Build | Stone Wall |
| 11:24 | Queue | Villager (Male) |
| 11:29 | Queue | Villager (Male) |
| 11:50 | Build | Watch Tower |
| 11:50 | Queue | Villager (Male) |
| 11:56 | Build | Farm |
| 11:57 | Build | Farm |
| 11:58 | Build | Farm |
| 12:13 | Queue | Villager (Male) |
| 12:42 | Build | Farm |
| 12:55 | Build | Watch Tower |
| 13:54 | Build | Watch Tower |
| 13:56 | Queue | Villager (Male) |
| 14:01 | Build | Farm |
| 14:03 | Build | Farm |
| 14:05 | Queue | Villager (Male) |
| 14:24 | Build | House |
| 14:33 | Queue | Villager (Male) |
| 14:59 | Queue | Villager (Male) |
| 14:59 | Queue | Villager (Male) |
| 15:02 | Build | Mining Camp |
| 15:18 | Queue | Villager (Male) |
| 15:51 | Build | Watch Tower |
| 15:55 | Build | Palisade Gate |
| 16:00 | Queue | Villager (Male) |
| 16:13 | Build | Farm |
| 16:26 | Build | Watch Tower |
| 16:38 | Queue | Villager (Male) |
| 16:53 | Queue | Villager (Male) |
| 16:55 | Build | House |
| 17:23 | Queue | Villager (Male) |
| 17:43 | Build | Market |
| 17:51 | Build | Watch Tower |
| 17:56 | Queue | Villager (Male) |
| 18:01 | Build | Farm |
| 18:14 | Queue | Villager (Male) |
| 18:35 | Research | Castle Age |
| 19:06 | Build | Farm |
| 19:06 | Build | Farm |
| 19:10 | Queue | Villager (Male) |
| 19:36 | Research | Horse Collar |
| 19:43 | Build | Watch Tower |
| 20:04 | Build | Gate |
| 20:09 | Queue | Villager (Male) |
| 20:30 | Queue | Villager (Male) |
| 21:15 | Age | Castle Age |
| 21:17 | Research | Bodkin Arrow |
| 21:33 | Build | University |
| 21:39 | Build | Watch Tower |
| 21:47 | Build | Farm |
| 21:50 | Build | Farm |
| 21:50 | Build | Farm |
| 21:51 | Build | Farm |
| 21:51 | Build | Farm |
| 21:51 | Build | Farm |
| 22:12 | Queue | Villager (Male) |
| 22:16 | Build | Watch Tower |
| 22:32 | Queue | Villager (Male) |
| 22:47 | Queue | Villager (Male) |
| 23:17 | Research | Ballistics |
| 23:21 | Queue | Villager (Male) |
| 23:33 | Queue | Villager (Male) |
| 23:54 | Research | Bow Saw |
| 23:55 | Queue | Villager (Male) |
| 24:05 | Build | Castle |
| 24:09 | Research | Heavy Plow |
| 24:22 | Build | Mining Camp |
| 24:30 | Build | House |
| 24:56 | Queue | Villager (Male) |
| 25:30 | Queue | Villager (Male) |
| 26:10 | Research | Eupseong |
| 26:23 | Build | Watch Tower |
| 26:35 | Queue | Villager (Male) |
| 26:43 | Build | Town Center |
| 26:47 | Queue | Villager (Male) |
| 27:08 | Queue | Villager (Male) |
| 27:31 | Queue | Villager (Male) |
| 27:59 | Queue | Villager (Male) |
| 28:21 | Queue | Villager (Male) |
| 28:21 | Queue | Villager (Male) |
| 28:22 | Queue | Villager (Male) |
| 28:22 | Queue | Villager (Male) |
| 28:23 | Build | Farm |
| 28:24 | Build | Farm |
| 28:25 | Build | Farm |
| 28:25 | Build | Farm |
| 28:28 | Build | Farm |
| 28:30 | Queue | Villager (Male) |
| 28:40 | Build | Watch Tower |
| 28:41 | Queue | Villager (Male) |
| 28:51 | Research | Treadmill Crane |
| 28:53 | Queue | Villager (Male) |
| 29:13 | Queue | Villager (Male) |
| 29:13 | Queue | Villager (Male) |
| 29:15 | Build | Farm |
| 29:16 | Build | Farm |
| 29:26 | Build | Lumber Camp |
| 29:33 | Build | Watch Tower |
| 29:36 | Queue | Villager (Male) |
| 29:41 | Research | Murder Holes |
| 29:57 | Queue | Villager (Male) |
| 30:05 | Build | Farm |
Build order — Alejandrito
First 150 of 408 actions detected
| 0:01 | Queue | Villager (Male) |
| 0:01 | Queue | Villager (Male) |
| 0:05 | Build | House |
| 0:07 | Build | House |
| 0:11 | Queue | Villager (Male) |
| 0:11 | Queue | Villager (Male) |
| 0:11 | Queue | Villager (Male) |
| 1:30 | Queue | Villager (Male) |
| 1:30 | Queue | Villager (Male) |
| 1:34 | Build | Lumber Camp |
| 2:05 | Queue | Villager (Male) |
| 2:06 | Queue | Villager (Male) |
| 2:26 | Queue | Villager (Male) |
| 2:58 | Queue | Villager (Male) |
| 3:13 | Queue | Villager (Male) |
| 4:08 | Queue | Villager (Male) |
| 4:08 | Queue | Villager (Male) |
| 4:17 | Build | House |
| 4:26 | Queue | Villager (Male) |
| 5:03 | Queue | Villager (Male) |
| 5:23 | Queue | Villager (Male) |
| 5:23 | Queue | Villager (Male) |
| 5:32 | Build | Mill |
| 5:46 | Queue | Villager (Male) |
| 5:46 | Queue | Villager (Male) |
| 5:53 | Build | House |
| 5:54 | Build | House |
| 5:54 | Build | House |
| 6:18 | Queue | Villager (Male) |
| 6:18 | Queue | Villager (Male) |
| 6:18 | Queue | Villager (Male) |
| 7:10 | Build | Mining Camp |
| 7:37 | Build | House |
| 7:38 | Build | House |
| 7:52 | Build | Mining Camp |
| 8:36 | Queue | Villager (Male) |
| 8:37 | Queue | Villager (Male) |
| 8:47 | Build | Mining Camp |
| 9:10 | Research | Loom |
| 9:10 | Research | Feudal Age |
| 10:05 | Queue | Villager (Male) |
| 10:06 | Queue | Villager (Male) |
| 10:24 | Build | Farm |
| 10:25 | Build | Farm |
| 10:26 | Build | Farm |
| 11:44 | Age | Feudal Age |
| 12:05 | Queue | Villager (Male) |
| 12:06 | Queue | Villager (Male) |
| 12:38 | Build | Market |
| 12:45 | Queue | Villager (Male) |
| 12:56 | Build | Blacksmith |
| 14:09 | Research | Castle Age |
| 14:37 | Research | Double-Bit Axe |
| 14:41 | Research | Horse Collar |
| 14:59 | Build | Farm |
| 15:02 | Build | Farm |
| 15:05 | Build | Farm |
| 16:49 | Age | Castle Age |
| 16:53 | Queue | Villager (Male) |
| 16:53 | Queue | Villager (Male) |
| 16:57 | Build | Town Center |
| 17:50 | Build | Town Center |
| 18:06 | Build | Castle |
| 18:08 | Queue | Villager (Male) |
| 18:09 | Queue | Villager (Male) |
| 18:18 | Build | Farm |
| 18:21 | Build | Farm |
| 18:25 | Queue | Villager (Male) |
| 18:25 | Queue | Villager (Male) |
| 18:28 | Queue | Villager (Male) |
| 18:28 | Queue | Villager (Male) |
| 18:51 | Queue | Villager (Male) |
| 18:52 | Queue | Villager (Male) |
| 19:06 | Build | Farm |
| 19:25 | Queue | Villager (Male) |
| 19:25 | Queue | Villager (Male) |
| 19:25 | Queue | Villager (Male) |
| 19:26 | Queue | Villager (Male) |
| 19:26 | Queue | Villager (Male) |
| 19:26 | Queue | Villager (Male) |
| 19:26 | Queue | Villager (Male) |
| 19:27 | Queue | Villager (Male) |
| 19:27 | Queue | Villager (Male) |
| 19:33 | Build | Farm |
| 19:34 | Build | Farm |
| 19:35 | Build | Farm |
| 19:37 | Build | Farm |
| 19:45 | Build | Farm |
| 19:48 | Queue | Huskarl |
| 19:50 | Queue | Villager (Male) |
| 19:59 | Build | Farm |
| 20:02 | Build | Farm |
| 20:03 | Build | Farm |
| 20:03 | Build | Farm |
| 20:04 | Build | Farm |
| 20:05 | Build | Farm |
| 20:05 | Build | Farm |
| 20:06 | Build | Farm |
| 20:06 | Build | Farm |
| 20:07 | Build | Farm |
| 20:08 | Queue | Villager (Male) |
| 20:08 | Queue | Villager (Male) |
| 20:27 | Queue | Huskarl |
| 20:38 | Build | Farm |
| 20:40 | Build | Farm |
| 20:44 | Build | Farm |
| 20:50 | Queue | Huskarl |
| 20:57 | Queue | Villager (Male) |
| 21:04 | Build | Farm |
| 21:13 | Queue | Huskarl |
| 21:16 | Build | Farm |
| 21:28 | Build | Farm |
| 21:28 | Build | Farm |
| 21:28 | Build | Farm |
| 21:29 | Build | Farm |
| 21:29 | Build | Farm |
| 21:29 | Build | Farm |
| 21:30 | Build | Farm |
| 21:30 | Build | Farm |
| 21:31 | Queue | Villager (Male) |
| 21:32 | Queue | Villager (Male) |
| 21:32 | Queue | Villager (Male) |
| 21:35 | Queue | Huskarl |
| 21:47 | Research | Scale Mail Armor |
| 21:57 | Queue | Huskarl |
| 22:05 | Queue | Villager (Male) |
| 22:10 | Queue | Villager (Male) |
| 22:18 | Build | Farm |
| 22:19 | Build | Farm |
| 22:25 | Queue | Villager (Male) |
| 22:25 | Queue | Villager (Male) |
| 22:25 | Queue | Villager (Male) |
| 22:50 | Queue | Huskarl |
| 22:51 | Queue | Huskarl |
| 22:58 | Queue | Villager (Male) ×2 |
| 23:30 | Research | Chain Mail Armor |
| 23:32 | Queue | Huskarl ×2 |
| 23:39 | Build | Lumber Camp |
| 23:44 | Build | Farm |
| 23:45 | Build | Farm |
| 23:46 | Build | Farm |
| 23:47 | Build | Farm |
| 23:49 | Build | Farm |
| 23:50 | Queue | Villager (Male) |
| 23:50 | Queue | Villager (Male) |
| 23:50 | Queue | Villager (Male) |
| 24:28 | Queue | Huskarl |
| 24:28 | Queue | Huskarl |
| 25:13 | Research | Town Watch |
| 25:13 | Research | Wheelbarrow |
Build order — GreenBeret
First 150 of 685 actions detected
| 0:04 | Build | House |
| 0:05 | Queue | Villager (Male) |
| 0:05 | Queue | Villager (Male) |
| 0:05 | Queue | Villager (Male) |
| 0:14 | Build | House |
| 0:50 | Queue | Villager (Male) |
| 0:50 | Queue | Villager (Male) |
| 0:50 | Queue | Villager (Male) |
| 1:29 | Queue | Villager (Male) |
| 1:29 | Queue | Villager (Male) |
| 2:04 | Build | Lumber Camp |
| 2:16 | Queue | Villager (Male) |
| 2:16 | Queue | Villager (Male) |
| 2:42 | Queue | Villager (Male) |
| 2:43 | Queue | Villager (Male) |
| 3:03 | Queue | Villager (Male) |
| 3:03 | Queue | Villager (Male) |
| 3:03 | Queue | Villager (Male) |
| 3:14 | Queue | Villager (Male) |
| 3:15 | Queue | Villager (Male) |
| 3:46 | Queue | Villager (Male) |
| 3:46 | Queue | Villager (Male) |
| 3:56 | Build | House |
| 4:11 | Build | Mill |
| 4:25 | Queue | Villager (Male) |
| 4:25 | Queue | Villager (Male) |
| 4:34 | Build | House |
| 5:24 | Queue | Villager (Male) |
| 5:24 | Queue | Villager (Male) |
| 6:03 | Queue | Villager (Male) |
| 6:42 | Queue | Villager (Male) |
| 6:42 | Queue | Villager (Male) |
| 6:57 | Queue | Villager (Male) |
| 8:00 | Queue | Villager (Male) |
| 8:12 | Build | Farm |
| 8:30 | Research | Feudal Age |
| 8:36 | Build | Farm |
| 9:31 | Queue | Villager (Male) |
| 9:32 | Queue | Villager (Male) |
| 9:58 | Build | Farm |
| 10:15 | Build | House |
| 10:40 | Age | Feudal Age |
| 10:45 | Build | Market |
| 10:58 | Build | Blacksmith |
| 11:49 | Research | Castle Age |
| 11:53 | Build | House |
| 12:00 | Research | Double-Bit Axe |
| 12:07 | Research | Horse Collar |
| 14:17 | Build | Farm |
| 14:28 | Build | Farm |
| 14:29 | Age | Castle Age |
| 14:33 | Build | Town Center |
| 14:38 | Queue | Villager (Male) |
| 14:51 | Build | Siege Workshop |
| 15:02 | Queue | Villager (Male) |
| 15:10 | Build | Barracks |
| 15:19 | Build | Farm |
| 15:28 | Build | Farm |
| 15:31 | Queue | Villager (Male) |
| 15:31 | Queue | Villager (Male) |
| 15:38 | Build | Farm |
| 15:45 | Queue | Villager (Male) |
| 15:45 | Queue | Villager (Male) |
| 15:55 | Queue | Mangonel |
| 15:58 | Queue | Villager (Male) |
| 15:58 | Queue | Villager (Male) |
| 16:04 | Build | Farm |
| 16:13 | Build | Farm |
| 16:38 | Research | Padded Archer Armor |
| 16:39 | Queue | Villager (Male) |
| 16:40 | Queue | Villager (Male) |
| 16:45 | Build | Farm |
| 16:51 | Build | Archery Range |
| 17:03 | Queue | Villager (Male) |
| 17:03 | Queue | Villager (Male) |
| 17:16 | Research | Fletching |
| 17:17 | Queue | Villager (Male) |
| 17:29 | Build | Farm |
| 17:40 | Queue | Villager (Male) |
| 17:41 | Queue | Villager (Male) |
| 17:45 | Build | Mining Camp |
| 17:51 | Queue | Archer |
| 17:51 | Queue | Archer |
| 17:58 | Build | House |
| 18:05 | Build | House |
| 18:21 | Research | Crossbowman (upgrade) |
| 18:26 | Build | Farm |
| 18:31 | Build | Farm |
| 18:37 | Build | House |
| 18:40 | Build | House |
| 18:41 | Build | House |
| 18:42 | Queue | Villager (Male) |
| 18:42 | Queue | Villager (Male) |
| 18:42 | Queue | Villager (Male) |
| 18:51 | Queue | Archer |
| 18:52 | Queue | Archer |
| 18:59 | Build | Archery Range |
| 19:19 | Queue | Villager (Male) |
| 19:19 | Queue | Villager (Male) |
| 19:33 | Queue | Mangonel |
| 19:51 | Queue | Villager (Male) |
| 19:51 | Queue | Villager (Male) |
| 19:52 | Queue | Villager (Male) |
| 20:00 | Build | Farm |
| 20:07 | Build | Farm |
| 20:10 | Build | Farm |
| 20:15 | Queue | Villager (Male) |
| 20:21 | Queue | Archer |
| 20:21 | Queue | Archer |
| 20:28 | Queue | Archer |
| 20:28 | Queue | Archer |
| 20:42 | Queue | Villager (Male) |
| 20:43 | Queue | Villager (Male) |
| 20:48 | Build | University |
| 20:53 | Build | House |
| 20:55 | Build | House |
| 20:58 | Queue | Villager (Male) |
| 20:58 | Queue | Villager (Male) |
| 21:01 | Queue | Archer |
| 21:02 | Queue | Archer |
| 21:02 | Queue | Archer |
| 21:12 | Queue | Villager (Male) |
| 21:13 | Queue | Villager (Male) |
| 21:17 | Research | Gold Mining |
| 21:30 | Build | Farm |
| 21:30 | Build | Farm |
| 21:30 | Build | Farm |
| 21:30 | Build | Farm |
| 21:31 | Build | Farm |
| 21:31 | Build | Farm |
| 21:49 | Queue | Villager (Male) |
| 21:49 | Queue | Villager (Male) |
| 21:50 | Queue | Villager (Male) |
| 22:06 | Build | Farm |
| 22:07 | Build | Farm |
| 22:07 | Build | Farm |
| 22:07 | Build | Farm |
| 22:08 | Build | Farm |
| 22:13 | Build | House |
| 22:14 | Build | House |
| 22:16 | Queue | Villager (Male) |
| 22:19 | Queue | Archer |
| 22:20 | Queue | Archer |
| 22:20 | Queue | Archer |
| 23:06 | Queue | Archer |
| 23:06 | Queue | Archer |
| 23:07 | Queue | Archer |
| 23:10 | Research | Thumb Ring |
| 23:18 | Queue | Archer |
| 23:20 | Queue | Villager (Male) |
Build order — CTM | Franco*
First 150 of 403 actions detected
| 0:01 | Queue | Villager (Male) |
| 0:02 | Queue | Villager (Male) |
| 0:02 | Queue | Villager (Male) |
| 0:02 | Queue | Villager (Male) |
| 0:03 | Queue | Villager (Male) |
| 0:03 | Queue | Villager (Male) |
| 0:05 | Build | House |
| 0:07 | Build | House |
| 1:42 | Queue | Villager (Male) |
| 1:42 | Queue | Villager (Male) |
| 2:15 | Queue | Villager (Male) |
| 2:15 | Queue | Villager (Male) |
| 2:16 | Queue | Villager (Male) |
| 2:44 | Build | Lumber Camp |
| 3:01 | Queue | Villager (Male) |
| 3:01 | Queue | Villager (Male) |
| 3:09 | Build | House |
| 3:10 | Build | House |
| 3:11 | Queue | Villager (Male) |
| 3:35 | Queue | Villager (Male) |
| 3:35 | Queue | Villager (Male) |
| 3:44 | Queue | Villager (Male) |
| 4:52 | Queue | Villager (Male) |
| 5:21 | Queue | Villager (Male) |
| 5:22 | Queue | Villager (Male) |
| 6:00 | Queue | Villager (Male) |
| 6:52 | Queue | Villager (Male) |
| 6:52 | Queue | Villager (Male) |
| 7:34 | Build | Mill |
| 7:38 | Queue | Villager (Male) |
| 7:49 | Build | Mining Camp |
| 8:13 | Research | Feudal Age |
| 8:40 | Research | Loom |
| 8:59 | Build | Mill |
| 9:31 | Build | Palisade Wall |
| 10:23 | Age | Feudal Age |
| 12:11 | Research | Castle Age |
| 13:07 | Research | Double-Bit Axe |
| 14:09 | Research | Horse Collar |
| 14:51 | Age | Castle Age |
| 14:55 | Build | Monastery |
| 14:56 | Queue | Villager (Male) |
| 14:56 | Queue | Villager (Male) |
| 15:17 | Queue | Villager (Male) |
| 15:28 | Build | Farm |
| 15:46 | Build | Siege Workshop |
| 15:50 | Build | House |
| 15:51 | Build | House |
| 15:52 | Queue | Villager (Male) |
| 16:18 | Build | House |
| 16:19 | Build | House |
| 16:27 | Queue | Battering Ram |
| 16:28 | Queue | Battering Ram |
| 16:31 | Queue | Scorpion |
| 16:31 | Queue | Scorpion |
| 16:45 | Queue | Villager (Male) |
| 16:53 | Queue | Villager (Male) |
| 17:06 | Queue | Villager (Male) |
| 17:18 | Build | House |
| 17:19 | Build | House |
| 17:23 | Build | House |
| 17:50 | Queue | Villager (Male) |
| 18:03 | Build | Farm |
| 18:04 | Build | Farm |
| 18:19 | Queue | Scorpion |
| 18:19 | Queue | Scorpion |
| 18:33 | Build | Farm |
| 18:37 | Build | Farm |
| 18:49 | Queue | Scorpion |
| 19:14 | Queue | Villager (Male) |
| 19:25 | Build | Farm |
| 19:30 | Build | Farm |
| 19:45 | Queue | Scorpion |
| 20:05 | Queue | Villager (Male) |
| 20:05 | Queue | Villager (Male) |
| 20:32 | Queue | Villager (Male) |
| 20:32 | Queue | Villager (Male) |
| 20:36 | Queue | Battering Ram |
| 20:37 | Queue | Battering Ram |
| 20:45 | Build | Farm |
| 21:05 | Queue | Villager (Male) |
| 21:24 | Queue | Villager (Male) |
| 21:34 | Queue | Battering Ram |
| 21:54 | Queue | Villager (Male) |
| 21:59 | Queue | Scorpion |
| 21:59 | Queue | Scorpion |
| 21:59 | Queue | Scorpion |
| 22:02 | Queue | Villager (Male) |
| 22:08 | Build | House |
| 22:11 | Build | House |
| 22:11 | Build | House |
| 22:12 | Build | House |
| 22:14 | Queue | Villager (Male) |
| 22:57 | Research | Bow Saw |
| 23:13 | Queue | Villager (Male) |
| 23:21 | Build | Farm |
| 23:22 | Build | Farm |
| 23:50 | Queue | Scorpion |
| 23:50 | Queue | Scorpion |
| 23:50 | Queue | Scorpion |
| 23:55 | Queue | Villager (Male) |
| 23:56 | Queue | Villager (Male) |
| 23:58 | Build | Farm |
| 24:24 | Research | Heavy Plow |
| 24:28 | Build | Farm |
| 24:34 | Build | University |
| 24:41 | Build | Town Center |
| 24:43 | Queue | Villager (Male) |
| 25:05 | Queue | Villager (Male) |
| 25:06 | Queue | Villager (Male) |
| 25:10 | Build | Farm |
| 25:20 | Build | Town Center |
| 25:39 | Queue | Villager (Male) |
| 25:44 | Build | Farm |
| 25:49 | Build | Farm |
| 26:13 | Queue | Scorpion |
| 26:22 | Queue | Villager (Male) |
| 26:22 | Queue | Villager (Male) |
| 26:23 | Queue | Villager (Male) |
| 26:24 | Queue | Villager (Male) |
| 26:24 | Queue | Villager (Male) |
| 26:25 | Queue | Villager (Male) |
| 26:40 | Queue | Scorpion |
| 26:42 | Queue | Villager (Male) |
| 27:30 | Queue | Villager (Male) |
| 27:33 | Build | Farm |
| 27:34 | Build | Farm |
| 27:40 | Queue | Villager (Male) |
| 27:40 | Queue | Villager (Male) |
| 27:41 | Queue | Villager (Male) |
| 27:42 | Queue | Villager (Male) |
| 27:44 | Queue | Villager (Male) |
| 27:47 | Build | Farm |
| 28:00 | Queue | Villager (Male) |
| 28:01 | Queue | Villager (Male) |
| 28:07 | Build | Lumber Camp |
| 28:10 | Queue | Villager (Male) |
| 28:13 | Build | Farm |
| 28:21 | Build | Farm |
| 28:34 | Build | Farm |
| 28:42 | Queue | Villager (Male) |
| 28:44 | Queue | Villager (Male) |
| 28:45 | Queue | Villager (Male) |
| 28:46 | Queue | Villager (Male) |
| 29:02 | Queue | Villager (Male) |
| 29:03 | Research | Wheelbarrow |
| 29:04 | Research | Town Watch |
| 29:23 | Build | Farm |
| 29:25 | Queue | Villager (Male) |
| 29:26 | Queue | Villager (Male) |
Match timeline
| 9:15 | PSX | King · age_up feudal |
| 9:31 | CTM | Franco* · wall_segment Palisade Wall x4 |
| 10:05 | MrGodly0708 · wall_segment Palisade Wall x4 |
| 10:23 | CTM | Franco* · age_up feudal |
| 10:37 | Cristian Monzon · age_up feudal |
| 10:40 | GreenBeret · age_up feudal |
| 10:55 | [Heals] Teutonic Fortress · age_up feudal |
| 10:55 | MrGodly0708 · age_up feudal |
| 11:00 | VIT | Hera · age_up feudal |
| 11:09 | MrGodly0708 · wall_segment Palisade Wall x1 |
| 11:16 | PSX | King · wall_segment Stone Wall x1 |
| 11:17 | PSX | King · wall_segment Stone Wall x1 |
| 11:19 | PSX | King · wall_segment Stone Wall x1 |
| 11:26 | MrGodly0708 · wall_segment Palisade Wall x1 |
| 11:44 | Alejandrito · age_up feudal |
| 14:29 | GreenBeret · age_up castle |
| 14:31 | VIT | Hera · age_up castle |
| 14:32 | Cristian Monzon · age_up castle |
| 14:34 | VIT | Hera · first_building Monastery |
| 14:47 | [Heals] Teutonic Fortress · tribute_sent a jugador 1 |
| 14:47 | [Heals] Teutonic Fortress · tribute_sent a jugador 2 |
| 14:47 | [Heals] Teutonic Fortress · tribute_sent a jugador 3 |
| 14:47 | [Heals] Teutonic Fortress · tribute_sent a jugador 4 |
| 14:47 | [Heals] Teutonic Fortress · tribute_sent a jugador 6 |
| 14:47 | [Heals] Teutonic Fortress · tribute_sent a jugador 7 |
| 14:47 | [Heals] Teutonic Fortress · tribute_sent a jugador 8 |
| 14:50 | MrGodly0708 · age_up castle |
| 14:51 | CTM | Franco* · age_up castle |
| 14:51 | GreenBeret · first_building Siege Workshop |
| 14:52 | MrGodly0708 · first_building Siege Workshop |
| 14:55 | CTM | Franco* · first_building Monastery |
| 14:57 | MrGodly0708 · wall_segment Palisade Wall x1 |
| 14:59 | MrGodly0708 · wall_segment Palisade Wall x1 |
| 15:00 | VIT | Hera · first_market_buy 100 wood |
| 15:00 | [Heals] Teutonic Fortress · tribute_sent a jugador 1 |
| 15:00 | [Heals] Teutonic Fortress · tribute_sent a jugador 2 |
| 15:00 | [Heals] Teutonic Fortress · tribute_sent a jugador 3 |
| 15:00 | [Heals] Teutonic Fortress · tribute_sent a jugador 4 |
| 15:01 | [Heals] Teutonic Fortress · tribute_sent a jugador 6 |
| 15:01 | [Heals] Teutonic Fortress · tribute_sent a jugador 7 |
| 15:01 | [Heals] Teutonic Fortress · tribute_sent a jugador 8 |
| 15:10 | GreenBeret · first_building Barracks |
| 15:46 | CTM | Franco* · first_building Siege Workshop |
| 15:52 | GreenBeret · first_market_sell 100 wood |
| 15:56 | Cristian Monzon · first_building Monastery |
| 16:34 | [Heals] Teutonic Fortress · age_up castle |
| 16:49 | Alejandrito · age_up castle |
| 16:51 | GreenBeret · first_building Archery Range |
| 16:53 | MrGodly0708 · first_market_buy 100 wood |
| 18:06 | Alejandrito · first_building Castle |
| 18:30 | PSX | King · first_market_sell 100 food |
| 18:46 | VIT | Hera · wall_segment Palisade Wall x1 |
| 19:23 | [Heals] Teutonic Fortress · first_building Siege Workshop |
| 20:01 | [Heals] Teutonic Fortress · wall_segment Stone Wall x4 |
| 20:23 | [Heals] Teutonic Fortress · first_market_sell 100 wood |
| 20:35 | [Heals] Teutonic Fortress · wall_segment Stone Wall x3 |
| 20:38 | [Heals] Teutonic Fortress · wall_segment Stone Wall x2 |
| 20:38 | VIT | Hera · first_market_sell 100 wood |
| 20:43 | [Heals] Teutonic Fortress · wall_segment Stone Wall x1 |
| 20:51 | Cristian Monzon · first_building Barracks |
| 21:15 | PSX | King · age_up castle |
| 21:23 | Alejandrito · first_market_buy 100 wood |
| 21:42 | VIT | Hera · first_building Siege Workshop |
| 22:27 | PSX | King · first_market_buy 100 stone |
| 22:58 | Cristian Monzon · first_building Stable |
| 23:15 | VIT | Hera · first_building Barracks |
| 23:31 | [Heals] Teutonic Fortress · wall_segment Stone Wall x1 |
| 24:05 | PSX | King · first_building Castle |
| 24:18 | [Heals] Teutonic Fortress · wall_segment Stone Wall x1 |
| 24:33 | [Heals] Teutonic Fortress · wall_segment Stone Wall x1 |
| 24:47 | [Heals] Teutonic Fortress · first_building Castle |
| 24:52 | Cristian Monzon · first_building Castle |
| 25:29 | VIT | Hera · first_building Castle |
| 26:35 | VIT | Hera · wall_segment Palisade Wall x1 |
| 26:46 | [Heals] Teutonic Fortress · wall_segment Stone Wall x1 |
| 27:32 | GreenBeret · first_building Stable |
| 27:55 | MrGodly0708 · wall_segment Palisade Wall x1 |
| 28:27 | VIT | Hera · age_up imperial |
| 28:52 | Cristian Monzon · first_market_sell 500 wood |
| 28:52 | [Heals] Teutonic Fortress · first_market_buy 100 food |
| 29:25 | MrGodly0708 · first_building Monastery |
| 29:34 | Cristian Monzon · first_building Archery Range |
| 29:42 | [Heals] Teutonic Fortress · tribute_sent a jugador 1 |
| 29:42 | [Heals] Teutonic Fortress · tribute_sent a jugador 2 |
| 29:42 | [Heals] Teutonic Fortress · tribute_sent a jugador 3 |
| 29:42 | [Heals] Teutonic Fortress · tribute_sent a jugador 4 |
| 29:42 | [Heals] Teutonic Fortress · tribute_sent a jugador 6 |
| 29:42 | [Heals] Teutonic Fortress · tribute_sent a jugador 7 |
| 29:42 | [Heals] Teutonic Fortress · tribute_sent a jugador 8 |
| 30:04 | Alejandrito · first_building Barracks |
| 30:07 | [Heals] Teutonic Fortress · first_building Barracks |
| 30:22 | [Heals] Teutonic Fortress · wall_segment Stone Wall x23 |
| 30:26 | [Heals] Teutonic Fortress · wall_segment Stone Wall x10 |
| 31:38 | Cristian Monzon · age_up imperial |
| 31:45 | PSX | King · first_building Siege Workshop |
| 32:06 | [Heals] Teutonic Fortress · age_up imperial |
| 32:11 | [Heals] Teutonic Fortress · tribute_sent a jugador 1 |
| 32:11 | [Heals] Teutonic Fortress · tribute_sent a jugador 2 |
| 32:11 | [Heals] Teutonic Fortress · tribute_sent a jugador 3 |
| 32:11 | [Heals] Teutonic Fortress · tribute_sent a jugador 4 |
| 32:11 | [Heals] Teutonic Fortress · tribute_sent a jugador 6 |
| 32:11 | [Heals] Teutonic Fortress · tribute_sent a jugador 7 |
| 32:11 | [Heals] Teutonic Fortress · tribute_sent a jugador 8 |
| 32:34 | [Heals] Teutonic Fortress · wall_segment Stone Wall x6 |
| 32:36 | [Heals] Teutonic Fortress · wall_segment Stone Wall x10 |
| 32:53 | [Heals] Teutonic Fortress · first_building Archery Range |
| 32:59 | [Heals] Teutonic Fortress · first_building Stable |
| 33:08 | [Heals] Teutonic Fortress · wall_segment Stone Wall x3 |
| 33:11 | [Heals] Teutonic Fortress · wall_segment Stone Wall x3 |
| 33:12 | [Heals] Teutonic Fortress · wall_segment Stone Wall x3 |
| 33:14 | [Heals] Teutonic Fortress · wall_segment Stone Wall x3 |
| 33:23 | [Heals] Teutonic Fortress · first_building Monastery |
| 33:29 | GreenBeret · first_building Monastery |
| 33:29 | [Heals] Teutonic Fortress · wall_segment Stone Wall x4 |
| 33:31 | [Heals] Teutonic Fortress · wall_segment Stone Wall x2 |
| 33:58 | [Heals] Teutonic Fortress · tribute_sent a jugador 1 |
| 33:58 | [Heals] Teutonic Fortress · tribute_sent a jugador 2 |
| 33:58 | [Heals] Teutonic Fortress · tribute_sent a jugador 3 |
| 33:58 | [Heals] Teutonic Fortress · tribute_sent a jugador 4 |
| 33:58 | [Heals] Teutonic Fortress · tribute_sent a jugador 6 |
| 33:58 | [Heals] Teutonic Fortress · tribute_sent a jugador 7 |
| 33:58 | [Heals] Teutonic Fortress · tribute_sent a jugador 8 |
| 34:23 | Alejandrito · age_up imperial |
| 34:55 | GreenBeret · first_building Castle |
| 34:56 | CTM | Franco* · first_building Castle |
| 36:39 | PSX | King · first_building Barracks |
| 36:57 | [Heals] Teutonic Fortress · tribute_sent a jugador 1 |
| 36:57 | [Heals] Teutonic Fortress · tribute_sent a jugador 2 |
| 36:57 | [Heals] Teutonic Fortress · tribute_sent a jugador 3 |
| 36:57 | [Heals] Teutonic Fortress · tribute_sent a jugador 4 |
| 36:57 | [Heals] Teutonic Fortress · tribute_sent a jugador 6 |
| 36:57 | [Heals] Teutonic Fortress · tribute_sent a jugador 7 |
| 36:57 | [Heals] Teutonic Fortress · tribute_sent a jugador 8 |
| 37:02 | GreenBeret · age_up imperial |
| 37:11 | [Heals] Teutonic Fortress · tribute_sent a jugador 1 |
| 37:11 | [Heals] Teutonic Fortress · tribute_sent a jugador 2 |
| 37:11 | [Heals] Teutonic Fortress · tribute_sent a jugador 3 |
| 37:11 | [Heals] Teutonic Fortress · tribute_sent a jugador 4 |
| 37:11 | [Heals] Teutonic Fortress · tribute_sent a jugador 6 |
| 37:11 | [Heals] Teutonic Fortress · tribute_sent a jugador 7 |
| 37:11 | [Heals] Teutonic Fortress · tribute_sent a jugador 8 |
| 37:20 | CTM | Franco* · first_building Stable |
| 37:22 | PSX | King · first_building Archery Range |
| 37:26 | [Heals] Teutonic Fortress · wall_segment Stone Wall x17 |
| 37:56 | CTM | Franco* · age_up imperial |
| 38:53 | Cristian Monzon · first_market_buy 100 food |
| 39:11 | PSX | King · age_up imperial |
| 39:17 | PSX | King · tribute_sent a jugador 1 |
| 39:17 | PSX | King · tribute_sent a jugador 2 |
| 39:17 | PSX | King · tribute_sent a jugador 3 |
| 39:17 | PSX | King · tribute_sent a jugador 5 |
| 39:17 | PSX | King · tribute_sent a jugador 6 |
| 39:17 | PSX | King · tribute_sent a jugador 7 |
| 39:17 | PSX | King · tribute_sent a jugador 8 |
| 39:17 | Alejandrito · tribute_sent a jugador 1 |
| 39:17 | Alejandrito · tribute_sent a jugador 2 |
| 39:17 | Alejandrito · tribute_sent a jugador 3 |
| 39:17 | Alejandrito · tribute_sent a jugador 4 |
| 39:17 | Alejandrito · tribute_sent a jugador 5 |
| 39:17 | Alejandrito · tribute_sent a jugador 7 |
| 39:17 | Alejandrito · tribute_sent a jugador 8 |
| 40:41 | [Heals] Teutonic Fortress · wall_segment Stone Wall x11 |
| 40:42 | [Heals] Teutonic Fortress · wall_segment Stone Wall x16 |
| 40:50 | [Heals] Teutonic Fortress · wall_segment Stone Wall x5 |
| 41:12 | PSX | King · first_building Stable |
| 41:27 | VIT | Hera · tribute_sent a jugador 2 |
| 41:27 | VIT | Hera · tribute_sent a jugador 3 |
| 41:27 | VIT | Hera · tribute_sent a jugador 4 |
| 41:27 | VIT | Hera · tribute_sent a jugador 5 |
| 41:27 | VIT | Hera · tribute_sent a jugador 6 |
| 41:27 | VIT | Hera · tribute_sent a jugador 7 |
| 41:27 | VIT | Hera · tribute_sent a jugador 8 |
| 43:25 | GreenBeret · first_market_buy 100 wood |
| 45:35 | VIT | Hera · tribute_sent a jugador 2 |
| 45:35 | VIT | Hera · tribute_sent a jugador 3 |
| 45:35 | VIT | Hera · tribute_sent a jugador 4 |
| 45:35 | VIT | Hera · tribute_sent a jugador 5 |
| 45:35 | VIT | Hera · tribute_sent a jugador 6 |
| 45:35 | VIT | Hera · tribute_sent a jugador 7 |
| 45:35 | VIT | Hera · tribute_sent a jugador 8 |
| 48:34 | GreenBeret · tribute_sent a jugador 1 |
| 48:34 | GreenBeret · tribute_sent a jugador 2 |
| 48:34 | GreenBeret · tribute_sent a jugador 3 |
| 48:34 | GreenBeret · tribute_sent a jugador 4 |
| 48:34 | GreenBeret · tribute_sent a jugador 5 |
| 48:34 | GreenBeret · tribute_sent a jugador 6 |
| 48:34 | GreenBeret · tribute_sent a jugador 8 |
| 48:44 | MrGodly0708 · first_market_sell 500 food |
| 49:41 | CTM | Franco* · tribute_sent a jugador 1 |
| 49:41 | CTM | Franco* · tribute_sent a jugador 2 |
| 49:41 | CTM | Franco* · tribute_sent a jugador 3 |
| 49:41 | CTM | Franco* · tribute_sent a jugador 4 |
| 49:41 | CTM | Franco* · tribute_sent a jugador 5 |
| 49:41 | CTM | Franco* · tribute_sent a jugador 6 |
| 49:41 | CTM | Franco* · tribute_sent a jugador 7 |
| 51:35 | VIT | Hera · first_building Stable |
| 52:06 | CTM | Franco* · wall_segment Stone Wall x1 |
| 52:10 | CTM | Franco* · wall_segment Stone Wall x1 |
| 52:52 | CTM | Franco* · first_market_buy 100 stone |
| 53:17 | VIT | Hera · tribute_sent a jugador 2 |
| 53:17 | VIT | Hera · tribute_sent a jugador 3 |
| 53:17 | VIT | Hera · tribute_sent a jugador 4 |
| 53:17 | VIT | Hera · tribute_sent a jugador 5 |
| 53:17 | VIT | Hera · tribute_sent a jugador 6 |
| 53:17 | VIT | Hera · tribute_sent a jugador 7 |
| 53:17 | VIT | Hera · tribute_sent a jugador 8 |
| 53:18 | MrGodly0708 · first_building Barracks |
| 53:45 | Alejandrito · first_market_sell 500 stone |
| 55:28 | MrGodly0708 · age_up imperial |
| 56:17 | VIT | Hera · resign |
| 56:23 | CTM | Franco* · wall_segment Stone Wall x5 |
[ AI ANALYSIS · 1 CREDIT ]
What really happened in this match?
Wolo.gg analyzes every decision: build order, eco, micro, common mistakes by bracket. Personalized analysis on WhatsApp or Discord in 30 seconds.
Civ guide
Teutons
Perfil
[Heals] Teutonic Fortress